 Dungeon Crawl Stone Soup version 0.29-a0-668-g12ee2bf84d (webtiles) character file.

Game seed: 5008538728285311815

2422 lunkers the Martial Artist (level 10, -5/82 (85) HPs)
             Began as a Meteoran Transmuter on June 23, 2022.
             Was an Initiate of Ru.
             Slain by a gnoll sergeant
             ... wielding a +7 spear of chaos
              (15 damage)
             ... on level 6 of the Dungeon.
             The game lasted 00:15:12 (3060 turns).

lunkers the Martial Artist (Meteoran Transmuter)    Turns: 3060, Time: 00:15:12

HP:   -5/82 (85)    AC: 11    Str: 13    XL:     10   Next: 5%
MP:   3/15          EV:  9    Int: 17    God:    Ru [......]
Gold: 294           SH:  0    Dex: 16    Spells: 4/14 levels left

rFire   x . .      SeeInvis .     - Unarmed
rCold   + + +      Faith    .   (shield currently unavailable)
rNeg    . . .      Spirit   .   (body armour currently unavailable)
rPois   +          Reflect  .   (helmet currently unavailable)
rElec   .          Harm     .   (cloak currently unavailable)
rCorr   .          Rampage  .   (gloves currently unavailable)
Will    +....                   (boots currently unavailable)
Stlth   +.........              (no amulet)
HPRegen 0.23/turn               c - +4 ring of evasion
MPRegen 0.14/turn               g - +4 ring of protection

@: lethally poisoned (-5 -> -16), ice-form, very slightly contaminated, held,
glowing, lightly drained
A: freezing attack, amphibious, boosted hp, large, sense surroundings 2,
otherworldly, glowing, explore regen
a: End Transformation, Renounce Religion


You were on level 6 of the Dungeon.
You worshipped Ru.
Ru was noncommittal.
You were a creature of crystalline ice.
You visited 2 branches of the dungeon, and saw 7 of its levels.
You also visited: Ossuary.

You collected 294 gold pieces.

Inventory:

Hand Weapons
 t - a +1 dagger of venom
Missiles
 y - a throwing net
Armour
 a - a +0 robe
 i - a scarf of harm
 m - a +0 cloak (melded)
 o - a +1 pair of boots (melded)
 u - a +1 robe of willpower (melded)
 w - a +0 pair of gloves (melded)
Jewellery
 c - a +4 ring of evasion (left front paw)
 g - a +4 ring of protection (right front paw)
 j - an amulet of faith
 q - a ring of wizardry
 x - a ring of resist corrosion
 C - a ring of positive energy
Wands
 r - a wand of paralysis (5)
 v - a wand of digging (5)
Scrolls
 d - 3 scrolls of silence
 h - a scroll of blinking
 A - a scroll of teleportation
Potions
 b - a potion of lignification
 e - 4 potions of curing
 f - 4 potions of mutation
 k - 4 potions of heal wounds
 l - a potion of berserk rage {unknown}
 n - 2 potions of haste {unknown}
 p - 5 potions of flight
 s - 2 potions of attraction {unknown}
 z - a potion of degeneration {unknown}


   Skills:
 - Level 1.1 Fighting
 - Level 2.4 Dodging
 * Level 12.6 Unarmed Combat
 - Level 2.6 Spellcasting
 + Level 9.0 Transmutations


You had 4 spell levels left.
You knew the following spells:

 Your Spells              Type           Power      Damage    Failure   Level
b - Wereblood             Tmut           32%        N/A       1%          2
c - Spider Form           Tmut/Pois      17%        N/A       9%          3
d - Ice Form              Ice/Tmut       17%        N/A       28%         4
p - Beastly Appendage     Tmut           64%        N/A       1%          1

Your spell library contained the following spells:

 Spells                   Type           Power      Damage    Failure   Level
 Frozen Ramparts          Ice            4%         1d2       47%         3
 Portal Projectile        Hex/Tloc       4%         N/A       47%         3
 Tukima's Dance           Hex            2%         N/A       47%         3
 Summon Ice Beast         Ice/Summ       2%         N/A       87%         4
 Blade Hands              Tmut           16%        N/A       12%         5


Dungeon Overview and Level Annotations

Branches:
Dungeon (6/15) Zot: 913    Temple (1/1) D:6 Zot: 588 Ossuary (visited)

Altars:
Ashenzari
Cheibriados
Elyvilon
Fedhas
Gozag
Kikubaaqudgha
Nemelex Xobeh
Qazlal
Ru
Trog
Vehumet
Wu Jian
Xom
Yredelemnul

Shops:
D:6 *

Annotations:
D:6 DocClef's ghost, novice MiGl


Innate Abilities, Weirdness & Mutations

You are a creature of crystalline ice.
You have a powerful freezing melee attack.
You are amphibious.
Your maximum health is increased.
Your armour is entirely melded.
You are incapable of wielding weapons or throwing items.
You passively map the area around you.
You are easily found by Zot.
You glow in the dark.
You regain HP and MP as you explore.


Message History

You are poisoned.
The gnoll sergeant hits you with a +7 spear of chaos!
* * * LOW HITPOINT WARNING * * *
The gnoll hits you with a +0 flail.
* * * LOW HITPOINT WARNING * * *
You feel sick. The gnoll hits you but does no damage.
You are more poisoned.
The gnoll sergeant hits you with a +7 spear of chaos!
* * * LOW HITPOINT WARNING * * *
The gnoll sergeant melts you!
* * * LOW HITPOINT WARNING * * *
The gnoll hits you with a +0 flail.
* * * LOW HITPOINT WARNING * * *
You can move again.
Items here: (( ))) [[ †.
Unknown command.
Unknown command.
Unknown command.
You feel better. The gnoll barely misses you.
The gnoll sergeant hits you with a +7 spear of chaos!
* * * LOW HITPOINT WARNING * * *
You feel your power leaking away.
* * * LOW MAGIC WARNING * * *
The gnoll hits you with a +0 flail.
* * * LOW HITPOINT WARNING * * *
Unknown command.
Unknown command.
You struggle against the net.
The gnoll barely misses you. The gnoll sergeant closely misses you.
The gnoll hits you but does no damage.
Unknown command.
Unknown command.
Unknown command.
You struggle against the net.
The gnoll shouts!
The gnoll hits you from afar with a +0 spear of venom.
* * * LOW HITPOINT WARNING * * *
You are lethally poisoned!
The gnoll sergeant hits you but does no damage.
You are electrocuted!
You die...

#................)........., *
#..≈≈≈≈≈≈≈≈≈≈≈≈≈≈≈≈≈≈≈≈≈≈≈≈≈ *
#..≈≈≈≈≈≈≈≈≈≈≈≈≈≈≈≈≈≈≈≈≈≈≈≈≈.#
#..≈≈#####...........#####≈≈.#
#..≈≈#...#.###.©.###.#...#≈≈.#
#..≈≈#...###g#####g###...#≈≈.#
#..≈≈###.......g)......###≈≈.#
#..≈≈.8#.######g######.#8.≈≈.#
#..≈≈.##.#...#8Yg#.⌠.#.##.≈≈.#
#..≈≈.#..'.!:#⌠W.g...'..#.≈≈.##
#..≈≈.##.#...#8g.#.⌠.#.##.≈≈..#
#..≈≈.8#.######g######.#8.≈≈..#
#..≈≈###........g..W...###≈≈..#
##..≈≈#...###.#####.###...#≈≈..#
>...≈≈#...#.###.©.###.#..g#≈≈..#
##†.≈≈#####...........#####≈≈..#
#..≈≈≈≈≈≈≈≈≈≈≈...≈≈≈≈≈≈≈≈≈≈≈..#


You could see 2 gnoll sergeants, DocClef's ghost and 5 gnolls.

Vanquished Creatures
  A water moccasin (D:6)
  A black bear (D:6)
  2 centaurs
  7 gnoll sergeants
  A necrophage (D:4)
  3 scorpions
  6 water moccasin zombies (Ossuary)
  A howler monkey (D:5)
  6 hounds
  4 gnoll shamans
  2 orc priests (D:5)
  Ijyb (D:5)
  Terence (D:2)
  3 iguanas
  2 orc wizards (D:5)
  3 mummies
  26 gnolls
  11 adders
  An ufetubus (D:4)
  5 adder zombies (Ossuary)
  3 dart slugs
  8 orcs
  8 ball pythons
  2 endoplasms
  A giant cockroach (D:4)
  5 goblins
  5 hobgoblins
  11 jackals
  2 quokkas
  5 bats
  6 frilled lizards
  3 gnoll zombies (Ossuary)
  6 hobgoblin zombies (Ossuary)
  6 kobolds
  7 kobold zombies (Ossuary)
  4 orc zombies (Ossuary)
  5 rats
174 creatures vanquished.

Vanquished Creatures (others)
  6 plants (D:6)
6 creatures vanquished.

Grand Total: 180 creatures vanquished

Notes
Turn   | Place    | Note
-------+----------+-------------------------------------------
     0 | D:1      | lunkers the Meteoran Transmuter began the quest for the
                  | Orb.
     0 | D:1      | Reached XP level 1. HP: 16/16 MP: 5/5
    89 | D:1      | Reached XP level 2. HP: 23/23 MP: 6/6
   102 | D:1      | Reached skill level 4 in Unarmed Combat
   204 | D:1      | Reached XP level 3. HP: 26/28 MP: 8/8
   218 | D:1      | You fall into a shaft and drop 1 floor!
   253 | D:2      | Learned a level 2 spell: Wereblood
   257 | D:2      | Learned a level 3 spell: Spider Form
   335 | D:2      | Noticed Terence
   351 | D:2      | Killed Terence
   352 | D:2      | Reached skill level 5 in Unarmed Combat
   352 | D:2      | Reached XP level 4. HP: 33/35 MP: 5/9
   527 | D:2      | Found a faded altar of an unknown god.
   685 | D:3      | Reached XP level 5. HP: 40/40 MP: 6/10
   885 | D:3      | Reached skill level 6 in Unarmed Combat
   934 | D:3      | Found a broken altar of Ashenzari.
  1125 | D:4      | Noticed a necrophage
  1137 | D:4      | Killed a necrophage
  1138 | D:4      | Reached XP level 6. HP: 33/47 MP: 8/11
  1353 | D:4      | Reached skill level 7 in Unarmed Combat
  1358 | D:4      | Found a sand-covered staircase.
  1368 | Ossuary  | Entered an ossuary
  1393 | Ossuary  | Reached skill level 5 in Transmutations
  1393 | Ossuary  | Reached XP level 7. HP: 35/52 MP: 12/12
  1527 | Ossuary  | Reached skill level 8 in Unarmed Combat
  1580 | Ossuary  | Reached XP level 8. HP: 41/59 MP: 8/13
  1716 | D:5      | Entered Level 5 of the Dungeon
  1754 | D:5      | Reached skill level 9 in Unarmed Combat
  1774 | D:5      | Learned a level 4 spell: Ice Form
  1972 | D:5      | Reached skill level 10 in Unarmed Combat
  2047 | D:5      | Gained mutation: You passively map the area around you.
                  | [Meteoran growth]
  2047 | D:5      | Reached XP level 9. HP: 49/64 MP: 12/14
  2189 | D:5      | Noticed Ijyb
  2196 | D:5      | Killed Ijyb
  2214 | D:5      | Reached skill level 11 in Unarmed Combat
  2342 | D:5      | Identified the +6 spear of the Eel {vamp, Str+5}
  2667 | D:6      | Found an ornate altar of the Wu Jian Council.
  2685 | D:6      | Reached skill level 12 in Unarmed Combat
  2733 | D:6      | Found a stormy altar of Qazlal.
  2768 | D:6      | Found Laekluc's General Store.
  2826 | D:6      | Found a staircase to the Ecumenical Temple.
  2835 | Temple   | Entered the Ecumenical Temple
  2840 | Temple   | Became a worshipper of Ru the Awakened
  2890 | D:6      | Found a transporter.
  2898 | D:6      | Reached XP level 10. HP: 65/71 MP: 11/15
  2916 | D:6      | Found a transporter.
  2918 | D:6      | Noticed DocClef's ghost (novice MiGl)
  3054 | D:6      | Paralysed by a gnoll for 4 turns
  3060 | D:6      | Slain by a gnoll sergeant

Illustrated notes

Levels and vault maps discovered:
D:1:      psy_arrival_dodecagon, layout_rooms
D:2:      layout_loops_ring, shapermc_ecumenical_altar_notcrosses, uniq_terence
D:3:      layout_loops_ring, nicolae_ashenzari_panopticon, nrook_uturn
D:4:      layout_gridville, gup_ossuary_entry_pyramid
D:5:      layout_cave_pools, nicolae_sif_muna_little_library, serial_gnoll_camp,
          gnoll_camp_mini_hut, gnoll_camp_mini_sergeant, gnoll_camp_huts_basic,
          gnoll_camp_medium_01, gnoll_camp_mini_basic, gnoll_camp_mini_basic,
          minmay_misc_feat_rugged, minmay_starry_boxes, uniq_ijyb
D:6:      layout_rooms, kennysheep_mini, nicolae_qazlal_scattered_showers,
          temple_pool_b, gammafunk_ghost_gnarly_gnolls, serial_shops, shop,
          uniq_duvessa
Temple:   minmay_freezing_vapour_temple

Skill      XL: |  1  2  3  4  5  6  7  8  9 10 |
---------------+-------------------------------+-----
Unarmed Combat | 4 5 6 7 8 10 12 | 12.6
Transmutations | 3 4 5 7 8 9 |  9.0
Fighting       | |  1.1
Dodging        | |  2.4
Spellcasting   | |  2.6

Action                   |  1- 3 |  4- 6 |  7- 9 | 10-12 || total
-------------------------+-------+-------+-------+-------++-------
Melee: Unarmed           |    61 |   126 |   342 |    11 ||   540
       Kick              |     7 |     2 |       |       ||     9
       Headbutt          |     2 |     1 |       |       ||     3
       Punch             |       |     1 |     2 |       ||     3
 Cast: Beastly Appendage |    10 |     2 |       |       ||    12
       Spider Form       |     1 |    11 |    33 |     1 ||    46
       Ice Form          |       |       |       |     1 ||     1
  Use: Scroll            |       |       |    12 |     3 ||    15
       Potion            |       |       |       |     1 ||     1
Armor: Robe              |    24 |    27 |    21 |       ||    72
       Skin              |       |    10 |    35 |     4 ||    49
Dodge: Dodged            |    61 |    98 |   299 |    21 ||   479

Table legend: (Time is in decaauts)
 A = Elapsed time spent in this place.
 B = Non-inter-level travel time spent in this place.
 C = Inter-level travel time spent in this place.
 D = Time resting spent in this place.
 E = Time spent auto-exploring this place.
 F = Levels seen in this place.
 G = Mean time per level.
                   A        B        C        D        E       F      G
               +--------+--------+--------+--------+--------+-----+--------+
         Total |   2984 |   2715 |    269 |      0 |      6 |   8 |  373.0 |
       Dungeon |   2686 |   2417 |    269 |      0 |      6 |   6 |  447.7 |
        Temple |     11 |     11 |      0 |      0 |      0 |   1 |   11.0 |
       Ossuary |    286 |    286 |      0 |      0 |      0 |   1 |  286.0 |
               +--------+--------+--------+--------+--------+-----+--------+

Top non-repeatable levels by time:
     D:5: 741 daAuts
     D:2: 457 daAuts
     D:4: 439 daAuts
     D:6: 418 daAuts
     D:3: 414 daAuts
 Ossuary: 286 daAuts
     D:1: 214 daAuts
  Temple: 11 daAuts
